 Dungeon Crawl Stone Soup version 0.31-a0-750-gfe7b580527 (webtiles) character file.

Game seed: 1983587507955373612

214 Dittersdorf the Trooper (level 5, -1/34 HPs)
             Began as a Gargoyle Fighter on Sept 14, 2023.
             Slain by a gnoll
             ... wielding a +0 spear
              (4 damage)
             ... on level 4 of the Dungeon.
             The game lasted 00:02:31 (2694 turns).

Dittersdorf the Trooper (Gargoyle Fighter)          Turns: 2694, Time: 00:02:32

Health: -1/34      AC: 14    Str: 22    XL:     5   Next: 92%
Magic:  5/5        EV:  4    Int:  8    God:
Gold:   109        SH:  0    Dex:  9    Spells: 4/4 levels left

rFire   . . .        a - +0 flail
rCold   . . .        c - +0 buckler
rNeg    + . .        g - +0 chain mail
rPois   ∞            (no helmet)
rElec   +            (no cloak)
rCorr   .            i - +0 pair of gloves
SInv    .            (no boots)
Will    .....        (no amulet) Stlth
                     (no ring)
HPRegen 0.25/turn    (no ring)
MPRegen 0.09/turn

%: no passive effects
@: held
A: sickness immunity, AC +4, negative energy resistance 1, electricity
resistance, torment resistance 1, petrification resistance
a: no special abilities


You were on level 4 of the Dungeon.
You visited 1 branch of the dungeon, and saw 4 of its levels.

You collected 109 gold pieces.

Inventory:

Hand Weapons
 a - a +0 flail (weapon)
Armour
 c - a +0 buckler (worn)
 g - a +0 chain mail (worn)
 i - a +0 pair of gloves (worn)
Magical Staves
 k - a staff of earth
Scrolls
 b - a scroll of vulnerability {unknown}
 j - a scroll of noise {unknown}
 l - a scroll of teleportation {unknown}
 n - a scroll of poison {unknown}
 p - 2 scrolls of revelation {unknown}
 q - a scroll of silence {unknown}
 r - a scroll of enchant weapon {unknown}
 s - a scroll of blinking {unknown}
 t - 2 scrolls of identify {unknown}
 u - a scroll of butterflies {unknown}
 v - a scroll of fog {unknown}
 w - a scroll of acquirement {unknown}
Potions
 d - a potion of might
 e - a potion of enlightenment {unknown}
 f - a potion of attraction {unknown}
 h - a potion of haste {unknown}
 m - 2 potions of heal wounds {unknown}
 o - a potion of magic {unknown}


   Skills:
 + Level 4.5 Fighting
 + Level 3.3 Maces & Flails
 + Level 4.5 Armour
 + Level 4.5 Shields


You had 4 spell levels left.
You didn't know any spells.
Your spell library was empty.

Dungeon Overview and Level Annotations

Branches:
Dungeon (4/15)
 Temple: D:4-7

Altars:
Fedhas
Kikubaaqudgha

Annotations:
D:3 1 runed translucent door, GreenGuy14's ghost, amateur GnCK


Innate Abilities, Weirdness & Mutations

You are immune to sickness and miasma.
Your stone body is resilient. (AC +4)
You are immune to poison.
You resist negative energy. (rN+)
You are resistant to electric shocks. (rElec)
You are resistant to unholy torment.
You are immune to petrification.


Message History

You become entangled in the net!
The gnoll hits you from afar with a +0 spear.
The orc hits you but does no damage. The gnoll hits you with a +0 whip.
The gnoll hits you but does no damage. The gnoll hits you with a +0 whip.
The orc hits you but does no damage.
You are held in a net!
You are held in a net!
You are held in a net!
You are held in a net!
You are held in a net!
You are held in a net!
You are held in a net!
You are held in a net!
You are held in a net!
You are held in a net!
You are held in a net!
You are held in a net!
You are held in a net!
You are held in a net!
You struggle against the net.
The gnoll hits you with a +0 whip. The gnoll barely misses you.
The gnoll hits you but does no damage. The orc hits you but does no damage.
You struggle against the net.
The gnoll hits you from afar with a +0 spear.
The gnoll barely misses you. The gnoll hits you but does no damage.
The orc hits you but does no damage.
You struggle against the net.
The gnoll hits you from afar with a +0 spear.
The gnoll barely misses you. x2; The orc hits you but does no damage.
The gnoll hits you from afar with a +0 spear.
* * * LOW HITPOINT WARNING * * *
You rip the net and break free!
The gnoll throws a throwing net.
The throwing net hits you.
You become entangled in the net!
The gnoll hits you but does no damage. The gnoll hits you with a +0 whip.
* * * LOW HITPOINT WARNING * * *
The gnoll barely misses you. The orc hits you with a +0 hand axe.
* * * LOW HITPOINT WARNING * * *
You struggle against the net.
The gnoll hits you but does no damage.
The gnoll hits you from afar with a +0 spear.
You die...

## #...........# ###.
#...........## ##...
#............## .....
#.............# .....
#...........# .......
#....ggg....# ##.......
#....).o...# #........
#...g@....# #........
#.........# ##........
####...######.........
######...####..........
#....##................
#.........#####........
#...........# ##..)....
#...........## ##......
##........)...# ##.....


You could see 4 gnolls and an orc.

Vanquished Creatures
  A black bear (D:4)
  An iguana (D:4)
  3 adders
  A worm (D:2)
  3 dart slugs
  2 orcs (D:4)
  4 ball pythons
  6 bats
  8 endoplasms
  2 giant cockroaches
  6 goblins
  6 hobgoblins
  3 jackals (D:1)
  A quokka (D:2)
  3 frilled lizards
  3 kobolds
  3 rats
56 creatures vanquished.

Notes
Turn   | Place    | Note
-------+----------+-------------------------------------------
     0 | D:1      | Dittersdorf the Gargoyle Fighter began the quest for the
                  | Orb.
     0 | D:1      | Reached XP level 1. HP: 14/14 MP: 1/1
   101 | D:1      | Reached XP level 2. HP: 19/19 MP: 2/2
   233 | D:1      | Found a faded altar of an unknown god.
   502 | D:1      | Reached XP level 3. HP: 23/23 MP: 3/3
  1620 | D:3      | Found a runed translucent door.
  1620 | D:3      | Noticed GreenGuy14's ghost (amateur GnCK)
  1620 | D:3      | Noticed a scorpion
  1757 | D:3      | Reached XP level 4. HP: 26/29 MP: 4/4
  1931 | D:3      | Found a blossoming altar of Fedhas.
  1931 | D:3      | Found an ancient bone altar of Kikubaaqudgha.
  2274 | D:4      | Noticed a black bear
  2440 | D:4      | Reached XP level 5. HP: 33/33 MP: 5/5
  2558 | D:4      | Killed a black bear
  2694 | D:4      | Slain by a gnoll

Illustrated notes

Levels and vault maps discovered:
D:1:      matt_arrival_grand_opening, layout_loops_ring, basic_ecumenical_altar,
          minmay_tromino_v4_a
D:2:      layout_basic
D:3:      layout_loops_ring, grunt_temple_overflow_growth_and_decay,
          ebering_ghost_inner_flame
D:4:      layout_cave_pods, nicolae_shop_unique_rings

Skill      XL: |  1  2  3  4  5 |
---------------+----------------+-----
Armour         | 4 |  4.5
Fighting       | 4 |  4.5
Shields        | 4 |  4.5
Maces & Flails | 3 |  3.3

Action                     |  1- 3 |  4- 6 || total
---------------------------+-------+-------++-------
  Melee: Flail             |   103 |    71 ||   174
 Armour: Scale mail        |    19 |       ||    19
         Chain mail        |    64 |    87 ||   151
  Dodge: Dodged            |    50 |    42 ||    92
  Block: Buckler           |    26 |    17 ||    43

Table legend: (Time is in decaauts)
 A = Elapsed time spent in this place.
 B = Non-inter-level travel time spent in this place.
 C = Inter-level travel time spent in this place.
 D = Time resting spent in this place.
 E = Time spent auto-exploring this place.
 F = Levels seen in this place.
 G = Mean time per level.
                   A        B        C        D        E       F      G
               +--------+--------+--------+--------+--------+-----+--------+
         Total |   2747 |   2658 |     89 |      0 |   2200 |   4 |  686.8 |
       Dungeon |   2747 |   2658 |     89 |      0 |   2200 |   4 |  686.8 |
               +--------+--------+--------+--------+--------+-----+--------+

Top non-repeatable levels by time:
     D:2: 947 daAuts
     D:3: 710 daAuts
     D:1: 698 daAuts
     D:4: 390 daAuts
